 Dungeon Crawl Stone Soup version 0.32-a0-818-gb728d0252e (webtiles) character file.

Game seed: 11456531639232189919

1404 greenreed the Magician (level 8, -6/57 HPs)
             Began as a Black Draconian Earth Elementalist on Mar 23, 2024.
             Killed from afar by a steam dragon (15 damage)
             ... with a ball of steam
             ... on level 6 of the Dungeon.
             The game lasted 00:09:50 (5317 turns).

greenreed the Magician (DrEE)                       Turns: 5317, Time: 00:09:52

Health: -6/57      AC:  6    Str: 10    XL:     8   Next: 42%
Magic:  24/26      EV: 12    Int: 17    God:
Gold:   257        SH:  0    Dex: 13    Spells: 19/20 levels left

rFire   . . .        j - staff of alchemy
rCold   . . .        (no shield)
rNeg    . . .        (body armour unavailable)
rPois   +            (helmet restricted)
rElec   +            (no cloak)
rCorr   .            (no gloves)
SInv    .            (no boots)
Will    .....        p - amulet of the acrobat
Stlth   ++           n - ring of magical power
HPRegen 0.29/turn    (no ring)
MPRegen 0.20/turn

%: acrobat
@: no status effects
A: galvanic breath, AC +6, unfitting armour, electricity resistance,
cold-blooded
a: Galvanic Breath


You were on level 6 of the Dungeon.
You visited 1 branch of the dungeon, and saw 6 of its levels.

You collected 257 gold pieces.

Inventory:

Armour
 h - an orb of guile
Magical Staves
 j - a staff of alchemy (weapon)
Jewellery
 n - a ring of magical power (left hand)
 p - an amulet of the acrobat (around neck)
 u - an amulet of faith
Wands
 o - a wand of charming (2)
Scrolls
 b - 9 scrolls of identify {unknown}
 c - 2 scrolls of enchant armour {unknown}
 e - a scroll of amnesia {unknown}
 g - 2 scrolls of fog {unknown}
 i - 2 scrolls of teleportation {unknown}
 l - 2 scrolls of revelation {unknown}
 m - a scroll of acquirement {unknown}
 r - a scroll of silence {unknown}
 s - a scroll of poison {unknown}
 t - a scroll of vulnerability {unknown}
 v - 2 scrolls of fear {unknown}
 w - a scroll of blinking {unknown}
 x - a scroll of immolation {unknown}
 y - a scroll of noise {unknown}
Potions
 a - a potion of magic
 d - 3 potions of enlightenment {unknown}
 f - 2 potions of curing {unknown}
 k - a potion of attraction {unknown}
 q - a potion of lignification {unknown}
 z - a potion of heal wounds {unknown}
 A - a potion of resistance {unknown}


   Skills:
 + Level 4.4 Dodging
 - Level 1.7 Stealth
 * Level 6.5 Spellcasting
 + Level 4.6 Conjurations
 - Level 4.3 Earth Magic


You had 19 spell levels left.
You knew the following spells:

 Your Spells              Type           Power      Damage    Failure   Level
a - Sandblast             Erth           40%        2d10      1%          1

Your spell library contained the following spells:

 Spells                   Type           Power      Damage    Failure   Level
 Passwall                 Erth           20%        N/A       6%          3
 Stone Arrow              Conj/Erth      40%        3d9       6%          3
 Brom's Barrelling Bould  Conj/Erth      20%        2d4       19%         4
 Petrify                  Alch/Erth      19%        N/A       45%         4


Dungeon Overview and Level Annotations

Branches:
Dungeon (6/15)
 Temple: D:4-7

Altars:


Innate Abilities, Weirdness & Mutations

You can breathe arcing electricity.
Your glossy black scales are hard. (AC +6)
You cannot fit into any form of body armour.
You are resistant to electric shocks. (rElec)
You are cold-blooded and may be slowed by cold attacks.


Message History

The ice beast hits you but does no damage.
The ice beast hits you. The ice beast freezes you!
You feel yourself slow down.
The ice beast attacks as it pursues you!
The ice beast misses you. The ice beast completely misses you.
Aiming: Galvanic Breath
Press: ? - help, Shift-Dir - straight line, f - steam dragon, p - ice beast
Aim: a steam dragon (100% to hit)
Okay, then.
You feel yourself speed up. The ice beast completely misses you.
The ice beast misses you.
You closely miss the ice beast.
The ice beast is almost dead.
The ice beast hits you. The ice beast freezes you!
* * * LOW HITPOINT WARNING * * *
The ice beast closely misses you.
You hit the ice beast but do no damage.
The ice beast is almost dead.
The ice beast hits you but does no damage.
Aiming: Galvanic Breath
Press: ? - help, Shift-Dir - straight line, f/p - ice beast
Aim: an ice beast (almost dead, 100% to hit)
The arc of electricity hits the ice beast!
The ice beast is struck by an electric surge!
You kill the ice beast!
The steam dragon is struck by an electric surge!!
The steam dragon is heavily wounded.
The steam dragon breathes steam at you. The ball of steam misses you.
You hear a shout! x2
Unknown command.
Unknown command.
Okay, then.
Aiming: Charm
Press: ? - help, Shift-Dir - straight line, f - steam dragon
Aim: a steam dragon (heavily wounded, chance to affect: 49%)
The steam dragon resists with some effort.
The steam dragon breathes steam at you. The ball of steam hits you!
You die...

..# #..... ... #.#
#..... ... .. #.#
#..... .... ...####.#
#..... .)>. ........#
#.....##..## .......[.
#..§....... #######.#
#..§§§.#D?#### #....#
#..§§§@#.....# #....#
#..§§§§#...#.# #....#
#...§).D...#.########..
#####.§§§.......... #.#
#.......######. #..
#.......# .##.#
#..)....# .....
#.).....# ..)...
#.......####.......


You could see a steam dragon (catching breath).

Vanquished Creatures
  Sigmund (D:3)
  Duvessa (D:6)
  2 ice beasts
  An ogre (D:6)
  A bullfrog (D:6)
  Dowan (D:6)
  A bombardier beetle (D:5)
  2 jellies
  An orc priest (D:4)
  7 hounds
  Ijyb (D:3)
  4 iguanas
  A sleepcap (D:6)
  Natasha (twice) (D:3)
  2 orc wizards
  5 adders
  A shadow imp (D:6)
  2 ufetubi (D:6)
  5 dart slugs
  A ribbon worm (D:2)
  8 orcs
  9 ball pythons
  5 endoplasms
  4 giant cockroaches
  9 goblins
  3 hobgoblins
  10 jackals
  9 kobolds
  2 quokkas
  9 bats
  A frilled lizard (D:3)
  7 rats
118 creatures vanquished.

Notes
Turn   | Place    | Note
-------+----------+-------------------------------------------
     0 | D:1      | greenreed the Draconian Earth Elementalist began the quest
                  | for the Orb.
     0 | D:1      | Reached XP level 1. HP: 14/14 MP: 3/3
   225 | D:1      | Reached XP level 2. HP: 20/20 MP: 3/5
   905 | D:1      | Reached XP level 3. HP: 26/26 MP: 1/6
  2184 | D:3      | Noticed Sigmund
  2278 | D:3      | Killed Sigmund
  2279 | D:3      | Reached skill level 3 in Spellcasting
  2279 | D:3      | Reached XP level 4. HP: 33/33 MP: 6/9
  2279 | D:3      | Reached XP level 5. HP: 38/38 MP: 6/10
  2379 | D:3      | Found a faded altar of an unknown god.
  2397 | D:3      | Noticed Natasha
  2402 | D:3      | Killed Natasha
  2547 | D:3      | Reached XP level 6. HP: 45/45 MP: 11/11
  2642 | D:3      | Noticed Ijyb
  2653 | D:3      | Killed Ijyb
  2686 | D:3      | Noticed Natasha
  3260 | D:3      | Killed Natasha
  3261 | D:3      | Reached skill level 4 in Spellcasting
  3637 | D:4      | Reached skill level 5 in Earth Magic
  4211 | D:5      | Entered Level 5 of the Dungeon
  4228 | D:5      | Your scales start taking on a glossy black colour.
  4228 | D:5      | Reached XP level 7. HP: 49/50 MP: 13/13
  4228 | D:5      | Gained mutation: You are resistant to electric shocks.
                  | (rElec) [Black Draconian growth]
  4338 | D:5      | Reached skill level 5 in Spellcasting
  4982 | D:6      | Noticed Duvessa
  4983 | D:6      | Noticed Dowan
  4989 | D:6      | Killed Duvessa
  4998 | D:6      | Killed Dowan
  4999 | D:6      | Reached XP level 8. HP: 57/57 MP: 16/16
  5183 | D:6      | Reached skill level 6 in Spellcasting
  5317 | D:6      | Killed from afar by a steam dragon

Illustrated notes

Levels and vault maps discovered:
D:1:      evilmike_arrival_rings, layout_loops_corners, dk_noncrumbling_2,
          minmay_pentomino_q2
D:2:      layout_rooms
D:3:      layout_basic, ebering_ecumenical_altar_abandoned, minmay_liquid_box,
          serial_bayou_lagoon_b, uniq_ijyb, uniq_sigmund, uniq_natasha
D:4:      layout_cave_pools, grunt_decor_resistance, minmay_misc_feat_square
D:5:      layout_cave_pools
D:6:      layout_basic, jmf_multi_god_temple2, fedhas_altar_decomposition,
          uniq_duvessa

Skill      XL: |  1  2  3  4  5  6  7  8 |
---------------+-------------------------+-----
Dodging        | 2 3 4 |  4.4
Spellcasting   | 3 4 5 6 |  6.5
Conjurations   | 2 3 4 |  4.6
Earth Magic    | 4 4 |  4.3
Stealth        | |  1.7

Action                     |  1- 3 |  4- 6 |  7- 9 || total
---------------------------+-------+-------+-------++-------
  Melee: Unarmed           |    49 |       |       ||    49
         Tailslap          |     3 |     1 |       ||     4
         Staff             |       |     5 |     2 ||     7
   Cast: Sandblast         |    76 |    78 |    80 ||   234
Ability: Galvanic Breath   |       |       |     4 ||     4
  Evoke: Wand              |       |       |     1 ||     1
 Armour: Skin              |    57 |    19 |    33 ||   109
  Dodge: Dodged            |    57 |    26 |    41 ||   124

Table legend: (Time is in decaauts)
 A = Elapsed time spent in this place.
 B = Non-inter-level travel time spent in this place.
 C = Inter-level travel time spent in this place.
 D = Time resting spent in this place.
 E = Time spent auto-exploring this place.
 F = Levels seen in this place.
 G = Mean time per level.
                   A        B        C        D        E       F      G
               +--------+--------+--------+--------+--------+-----+--------+
         Total |   5455 |   5306 |    149 |     70 |   4435 |   6 |  909.2 |
       Dungeon |   5455 |   5306 |    149 |     70 |   4435 |   6 |  909.2 |
               +--------+--------+--------+--------+--------+-----+--------+

Top non-repeatable levels by time:
     D:1: 1512 daAuts
     D:3: 1407 daAuts
     D:4: 767 daAuts
     D:5: 713 daAuts
     D:2: 619 daAuts
     D:6: 436 daAuts
